 Dungeon Crawl Stone Soup version 0.29.1-2-gbd0b4ee654 (webtiles) character file.

Game seed: 11523790900905187672

19 eriqlaplus the Gusty (level 2, -1/15 HPs)
             Began as a Tengu Air Elementalist on Oct 30, 2022.
             Slain by a jackal (2 damage)
             ... on level 1 of the Dungeon on Oct 31, 2022.
             The game lasted 00:03:09 (672 turns).

eriqlaplus the Gusty (Tengu Air Elementalist)        Turns: 672, Time: 00:03:10

Health: -1/15      AC:  2    Str:  8    XL:     2   Next: 75%
Magic:  1/6        EV: 12    Int: 15    God:
Gold:   17         SH:  0    Dex: 14    Spells: 4/5 levels left

rFire   . . .      SeeInvis .   e - +0 spear
rCold   . . .      Faith    .   (no shield)
rNeg    . . .      Spirit   .   a - +0 robe
rPois   .          Reflect  .   (helmet restricted)
rElec   .          Harm     .   (no cloak)
rCorr   .          Rampage  .   (no gloves)
Will    .....                   (boots unavailable)
Stlth   ++........              (no amulet)
HPRegen 0.05/turn               (no ring)
MPRegen 0.10/turn               (no ring)

@: no status effects
A: beak, talons 3
a: no special abilities


You were on level 1 of the Dungeon.
You visited 1 branch of the dungeon, and saw 1 of its levels.

You collected 17 gold pieces.

Inventory:

Hand Weapons
 e - a +0 spear (weapon)
Armour
 a - a +0 robe (worn)
Scrolls
 c - a scroll of identify {unknown}
Potions
 b - a potion of magic
 d - a potion of heal wounds {unknown}


   Skills:
 + Level 2.3 Dodging
 + Level 2.2 Stealth
 + Level 2.4 Spellcasting
 + Level 1.5 Conjurations
 + Level 4.3 Air Magic


You had 4 spell levels left.
You knew the following spells:

 Your Spells              Type           Power      Damage    Failure   Level
a - Shock                 Conj/Air       40%        1d5       6%          1

Your spell library contained the following spells:

 Spells                   Type           Power      Damage    Failure   Level
 Static Discharge         Conj/Air       10%        3-5/arc   10%         2
 Swiftness                Air            15%        N/A       11%         3
 Sandblast                Erth           2%         2d4       22%         1
 Passwall                 Tmut/Erth      0%         N/A       32%         2
 Airstrike                Air            7%         2d(2-18)  34%         4
 Stone Arrow              Conj/Erth      8%         3d7       43%         3


Dungeon Overview and Level Annotations

Branches:
Dungeon (1/15)

Altars:


Innate Abilities, Weirdness & Mutations

You have a beak for a mouth.
You have claws for feet.


Message History

Casting: Shock (safe; 6% risk of failure)
Confirm with . or Enter, or press ? or * to list all spells.
Aiming: Shock (safe; 6% risk of failure)
Press: ? - help, Shift-Dir - straight line, f/p - hobgoblin
Aim: a hobgoblin (68% to hit)
The zap misses the hobgoblin.
Casting: Shock (safe; 6% risk of failure)
Confirm with . or Enter, or press ? or * to list all spells.
You don't have enough magic to cast this spell.
A jackal comes into view.
You see here a +0 spear.
e - a +0 spear
e - a +0 spear (weapon)
The jackal barely misses you.
You hit the jackal but do no damage. You claw the jackal.
Your peck misses the jackal. Your punch misses the jackal.
The jackal is moderately wounded.
The jackal bites you.
The hobgoblin hits you but does no damage.
You closely miss the jackal. You peck the jackal, but do no damage.
The jackal is moderately wounded.
The jackal misses you. The jackal bites you. The hobgoblin hits you.
You hit the jackal. Your kick misses the jackal. Your peck misses the jackal.
The jackal is almost dead.
The jackal misses you. The hobgoblin hits you.
The jackal splashes around in the water.
You hit the jackal but do no damage. Your kick misses the jackal.
The jackal is almost dead.
The hobgoblin closely misses you.
The jackal bites you but does no damage.
You barely miss the jackal.
The jackal is almost dead.
The jackal bites you but does no damage.
The hobgoblin hits you.
* * * LOW HITPOINT WARNING * * *
The jackal splashes around in the water.
You hit the hobgoblin. You claw the hobgoblin.
You kill the hobgoblin!
The jackal bites you.
You die...

................+
.....##..†......#####..
######
........P...P#...
.....P..~.......
#.♣.~~~♣~..♣.##
#...~~~~~~♣..P#
#♣..P~♣~~~~..P.
###..♣..~~♣~~....
#.....P.†@h.....P
##.#....P.........
#..#......#####...
#.######### . #.#
####.# ##.†..# ##..####
#..##


You could see a jackal.

Vanquished Creatures
  A dart slug (D:1)
  2 ball pythons (D:1)
  2 endoplasms (D:1)
  A giant cockroach (D:1)
  3 hobgoblins (D:1)
  3 quokkas (D:1)
  3 frilled lizards (D:1)
  A rat (D:1)
16 creatures vanquished.

Notes
Turn   | Place    | Note
-------+----------+-------------------------------------------
     0 | D:1      | eriqlaplus the Tengu Air Elementalist began the quest for
                  | the Orb.
     0 | D:1      | Reached XP level 1. HP: 10/10 MP: 4/4
   279 | D:1      | Reached XP level 2. HP: 15/15 MP: 3/6
   672 | D:1      | Slain by a jackal

Illustrated notes

Levels and vault maps discovered:
D:1:      saegor_arrival_simple_d, layout_basic, serial_bayou_pond_a

Action                   || total
-------------------------++-------
Melee: Spear             ||     6
       Kick              ||     2
       Peck              ||     1
 Cast: Shock             ||    34
Armor: Robe              ||     3
Dodge: Dodged            ||     4
